 Dungeon Crawl Stone Soup version 0.28-a0-845-gfc338a8e3c (webtiles) character file.

Game seed: 17036209459035893000

684 Zenkrye the Distorting Palentonga (level 7, -2/55 HPs)
             Began as a Palentonga Abyssal Knight on Nov 12, 2021.
             Was a Believer of Lugonu.
             Killed by divine providence
             ... invoked by an orc priest
              (12 damage)
             ... on level 6 of the Dungeon.
             The game lasted 00:14:25 (7394 turns).

Zenkrye the Distorting Palentonga (PaAK)            Turns: 7394, Time: 00:14:27

Health: -2/55      AC: 15    Str: 17    XL:     7   Next: 35%
Magic:  11/11      EV:  7    Int: 12    God:    Lugonu [**....]
Gold:   179        SH:  0    Dex: 10    Spells: 7/8 levels left

rFire   . . .      SeeInvis +   k - +0 flail
rCold   . . .      Faith    .   (no shield)
rNeg    . . .      Spirit   .   q - +0 scale mail
rPois   .          Reflect  .   d - +1 helmet
rElec   .          Harm     .   j - scarf {+Inv}
rCorr   .          Rampage  .   (no gloves)
Will    .....                   (no barding)
Stlth   ..........              (no amulet)
HPRegen 0.18/turn               (no ring)
MPRegen 0.12/turn               (no ring)

@: mighty, curled up
A: large, rugged brown scales 3, see invisible, deformed body, roll 1, armoured
tail, reflexive curl
a: Rolling Charge, Renounce Religion, Evoke Invisibility, Depart the Abyss, Bend
Space


You were on level 6 of the Dungeon.
You worshipped Lugonu.
Lugonu was pleased with you.
You visited 1 branch of the dungeon, and saw 6 of its levels.
You visited the Abyss 1 time.

You collected 179 gold pieces.

Inventory:

Hand Weapons
 a - a +1 mace
 k - a +0 flail (weapon)
Missiles
 c - a throwing net {!f}
 e - 58 bolts
Armour
 b - a +0 leather armour
 d - a +1 helmet (worn)
 j - a scarf of invisibility (worn)
 q - a +0 scale mail (worn)
Jewellery
 o - an amulet of faith
Scrolls
 i - a scroll of identify {@r1}
 r - a scroll of teleportation {unknown}
 s - a scroll of enchant armour
Potions
 g - a potion of haste {unknown}
 h - 2 potions of heal wounds {unknown}
 l - 2 potions of curing {@q1}
 m - 2 potions of mutation {unknown}
 n - 2 potions of attraction {unknown}
 p - a potion of lignification {unknown}
 t - a potion of cancellation {unknown}


   Skills:
 - Level 3.0 Fighting
 + Level 5.0 Maces & Flails
 - Level 1.5 Armour
 - Level 0.7 Dodging
 - Level 1.0 Spellcasting
 + Level 3.1 Necromancy
 - Level 1.0 Transmutations
 + Level 5.4 Invocations
 + Level 1.7 Evocations


You had 7 spell levels left.
You knew the following spells:

 Your Spells              Type           Power      Damage    Failure   Level
b - Pain                  Necr           32%        1d5       28%         1

Your spell library contained the following spells:

 Spells                   Type           Power      Damage    Failure   Level
 Animate Skeleton         Necr           16%        N/A       28%         1
 Beastly Appendage        Tmut           6%         N/A       56%         1
 Vampiric Draining        Necr           8%         2d6       65%         3
 Foxfire                  Conj/Fire      0%         2x1d4     71%         1
 Summon Small Mammal      Summ           0%         N/A       71%         1
 Wereblood                Tmut           3%         N/A       71%         2
 Spider Form              Tmut/Pois      1%         N/A       94%         3
 Call Canine Familiar     Summ           0%         N/A       97%         3
 Conjure Flame            Conj/Fire      0%         6-21      97%         3
 Inner Flame              Hex/Fire       0%         N/A       97%         3
 Summon Guardian Golem    Hex/Summ       0%         N/A       97%         3
 Flame Wave               Conj/Fire      0%         3d3       100%        4
 Summon Forest            Summ/Tloc      0%         N/A       100%        5
 Summon Mana Viper        Hex/Summ       0%         N/A       100%        5
 Summon Cactus Giant      Summ           0%         N/A       100%        6


Dungeon Overview and Level Annotations

Branches:
Dungeon (6/15)             Temple (0/1) D:4

Altars:
Gozag
Okawaru

Annotations:
D:4 Grinder
D:6 1 runed translucent door, Crazy Yiuf, Eustachio


Innate Abilities, Weirdness & Mutations

You are completely covered in rugged brown scales. (AC +3, +7% HP)
You have supernaturally acute eyesight. (SInv)
Armour fits poorly on your strangely shaped body.
You can roll at nearby foes to attack.
You have a long armoured tail.
You curl defensively after being hit. (AC +7*)


Message History

You hit the orc but do no damage.
An orc priest comes into view. It is wielding a +0 hand axe.
The orc barely misses you.
You hit the orc.
The orc is heavily wounded.
The orc closely misses you.
You sock the orc!
You kill the orc!
Lugonu accepts your kill.
The orc priest looks braver for a moment.
You barely miss the orc priest.
The orc priest hits you with a +0 hand axe.
The orc priest looks encouraged for a moment.
The orc priest hits you with a +0 mace.
You hit the orc priest.
Your tail-slap misses the orc priest.
The orc priest is moderately wounded.
The orc priest mumbles some strange prayers to Beogh against you.
Pain shoots through your body!
The orc priest invokes the aid of Beogh against you.
Beogh smites you!
The orc priest hits you but does no damage.
The orc priest hits you with a +0 hand axe.
The orc priest looks satisfied for a moment.
You are too injured to fight recklessly!
You are too injured to fight recklessly!
You are too injured to fight recklessly!
You hit the orc priest.
Your tail-slap misses the orc priest.
The orc priest is heavily wounded.
The orc priest begins to cast a cantrip, but forgets the words!
You barely miss the orc priest.
Your tail-slap misses the orc priest.
The orc priest is heavily wounded.
The orc priest barely misses you.
The orc priest mumbles some strange prayers to Beogh against you.
Beogh smites you!
* * * LOW HITPOINT WARNING * * *
You aren't carrying any items that you can evoke.
You feel very mighty all of a sudden.
The orc priest calls down the wrath of Beogh upon you.
Beogh smites you!
You die...

##########†<###
#.............#
#.............#####
#..########..##..(.
#..########..##....
#####..#.........######
#.# #.#.# #.#.# #.#
#.#.# #.#.# #.# #.#.#
#.#.# #.#


You could see 3 orc priests.

Vanquished Creatures
  A centaur (D:6)
  3 scorpions
  A water moccasin zombie (D:6)
  A howler monkey (D:4)
  A jelly (D:6)
  A hound (D:5)
  An iguana (D:5)
  Natasha (twice) (D:3)
  A hound zombie (D:5)
  A howler monkey zombie (D:5)
  2 gnolls
  7 adders
  An ufetubus (D:5)
  2 worms (D:2)
  4 dart slugs
  7 orcs
  11 bats
  4 endoplasms
  5 giant cockroaches
  5 goblins
  8 hobgoblins
  3 jackals (D:1)
  5 kobolds
  2 quokkas
  5 ball pythons
  4 frilled lizards
  4 rats
92 creatures vanquished.

Notes
Turn   | Place    | Note
-------+----------+-------------------------------------------
     0 | Abyss:1  | Zenkrye the Palentonga Abyssal Knight began the quest for
                  | the Orb.
     0 | Abyss:1  | Reached XP level 1. HP: 19/19 MP: 2/2
    32 | Abyss:1  | Noticed a storm dragon skeleton
    33 | D:1      | Escaped the Abyss
   117 | D:1      | Reached XP level 2. HP: 18/25 MP: 3/3
   228 | D:1      | Reached * piety under Lugonu
   593 | D:1      | Reached XP level 3. HP: 31/31 MP: 5/5
   915 | D:1      | Found a faded altar of an unknown god.
  1408 | D:2      | Reached XP level 4. HP: 28/37 MP: 6/6
  1890 | D:2      | Learned a level 1 spell: Beastly Appendage
  1984 | D:2      | Reached ** piety under Lugonu
  2307 | D:3      | Noticed Natasha
  2322 | D:3      | Killed Natasha
  2395 | D:3      | Learned a level 1 spell: Pain
  3122 | D:3      | Noticed Natasha
  3126 | D:3      | Killed Natasha
  3127 | D:3      | Reached skill level 1 in Transmutations
  3127 | D:3      | Reached XP level 5. HP: 38/43 MP: 8/8
  3618 | D:4      | Reached skill level 1 in Spellcasting
  3618 | D:4      | Reached skill level 1 in Necromancy
  4039 | D:4      | Reached XP level 6. HP: 41/50 MP: 4/9
  4188 | D:4      | Noticed Grinder
  4199 | D:5      | Entered Level 5 of the Dungeon
  5944 | D:4      | Found an iron altar of Okawaru.
  6100 | D:4      | Found a staircase to the Ecumenical Temple.
  6269 | D:6      | Reached skill level 5 in Invocations
  6269 | D:6      | Reached skill level 1 in Evocations
  6482 | D:6      | Noticed Eustachio
  6559 | D:6      | Gained mutation: You curl defensively after being hit. (AC
                  | +7*) [Palentonga growth]
  6559 | D:6      | Reached XP level 7. HP: 26/55 MP: 10/10
  6834 | D:6      | Found an opulent altar of Gozag.
  6887 | D:6      | Found a runed translucent door.
  6888 | D:6      | Noticed Crazy Yiuf
  7078 | D:6      | Reached skill level 5 in Maces & Flails
  7394 | D:6      | Killed from afar by an orc priest

Illustrated notes

Levels and vault maps discovered:
D:1:      ebering_trefoil_twist, layout_loops_ring,
          hellmonk_ecumenical_altar_heavens_door, roderic_serpentine_path,
          serial_park_tiny_1, lemuel_old_faithful
D:2:      layout_rooms
D:3:      layout_loops_corners, uniq_natasha
D:4:      layout_loops_ring, okawaru_trees_2, minmay_temple_entry_fiery,
          uniq_grinder
D:5:      layout_basic
D:6:      layout_loops_ring, nicolae_gozag_seed_capital, uniq_eustachio,
          uniq_crazy_yiuf_cottage

Skill      XL: |  1  2  3  4  5  6  7 |
---------------+----------------------+-----
Invocations    | 3 4 5 |  5.4
Maces & Flails | 3 4 5 |  5.0
Transmutations | 1 |  1.0
Spellcasting   | 1 |  1.0
Necromancy     | 1 2 3 |  3.1
Evocations     | 1 |  1.7
Fighting       | |  3.0
Armour         | |  1.5
Dodging        | |  0.7

Action                   |  1- 3 |  4- 6 |  7- 9 || total
-------------------------+-------+-------+-------++-------
Melee: Mace              |    97 |   200 |       ||   297
       Tailslap          |     7 |    14 |       ||    21
       Flail             |       |       |    21 ||    21
 Cast: Pain              |       |    29 |       ||    29
       Beastly Appendage |       |     1 |       ||     1
Invok: Depart the Abyss  |     1 |       |       ||     1
 Abil: Rolling Charge    |     1 |     5 |     1 ||     7
  Use: Potion            |     1 |     1 |     1 ||     3
       Scroll            |       |     6 |       ||     6
Armor: Leather armour    |    50 |    52 |       ||   102
       Scale mail        |       |    11 |     8 ||    19
Dodge: Dodged            |    56 |   109 |     7 ||   172

Table legend: (Time is in decaauts)
 A = Elapsed time spent in this place.
 B = Non-inter-level travel time spent in this place.
 C = Inter-level travel time spent in this place.
 D = Time resting spent in this place.
 E = Time spent auto-exploring this place.
 F = Levels seen in this place.
 G = Mean time per level.
                   A        B        C        D        E       F      G
               +--------+--------+--------+--------+--------+-----+--------+
         Total |   7465 |   7120 |    345 |   1616 |   4615 |   7 | 1066.4 |
       Dungeon |   7432 |   7087 |    345 |   1616 |   4584 |   6 | 1238.7 |
         Abyss |     33 |     33 |      0 |      0 |     31 |   1 |   33.0 |
               +--------+--------+--------+--------+--------+-----+--------+

Top non-repeatable levels by time:
     D:4: 1569 daAuts
     D:3: 1318 daAuts
     D:1: 1290 daAuts
     D:6: 1212 daAuts
     D:5: 1035 daAuts
     D:2: 1006 daAuts
 Abyss:1: 33 daAuts
